 Dungeon Crawl Stone Soup version 0.27-a0-1591-gc56fcc985a (webtiles) character file.

Game seed: 15030209289407578978

22711 zazu2006 the Covert (level 13, -6/111 HPs)
             Began as a Naga Hedge Wizard on July 20, 2021.
             Was a High Priest of Okawaru.
             Mangled by a merfolk (11 damage)
             ... on level 2 of the Lair of Beasts.
             The game lasted 00:43:24 (20130 turns).

zazu2006 the Covert (Naga Hedge Wizard)            Turns: 20130, Time: 00:43:25

Health: -6/111     AC: 11    Str: 14    XL:     13   Next: 2%
Magic:  15/26      EV: 15    Int: 18    God:    Okawaru [*****.]
Gold:   589        SH:  6    Dex: 11    Spells: 21/30 levels left

rFire    . . .     SeeInvis +   T - +5 long sword (holy)
rCold    . . .     Faith    .   q - +2 buckler
rNeg     . . .     Spirit   .   F - +0 steam dragon scales
rPois    +         Reflect  .   c - +0 hat
rElec    .         Harm     .   i - +1 cloak
rCorr    .         Rampage  .   D - +1 pair of gloves {Stlth+}
Will     +....                  (no barding)
Stlth    ++++++....             H - amulet of the acrobat
HPRegen  0.28/turn              n - ring of wizardry
MPRegen  0.20/turn              p - +4 ring of evasion

@: short of breath, marked, very slow
A: AC +4, large, see invisible, deformed body, poison resistance, slowness 2,
spit poison 1, naga tail 2
a: Spit Poison, Renounce Religion, Heroism, Finesse


You were on level 2 of the Lair of Beasts.
You worshipped Okawaru.
Okawaru was extremely pleased with you.
You visited 3 branches of the dungeon, and saw 14 of its levels.

You collected 815 gold pieces.
You spent 226 gold pieces at shops.

Inventory:

Hand Weapons
 O - a +2 scimitar
 T - a +5 long sword of holy wrath (weapon)
Missiles
 e - 7 poisoned darts
 E - 2 curare-tipped darts
 V - a throwing net
Armour
 c - a +0 hat (worn)
 i - a +1 cloak (worn)
 q - a +2 buckler (worn)
 D - a +1 pair of gloves of stealth (worn)
 F - +0 steam dragon scales (worn)
 M - a +2 robe of cold resistance
Jewellery
 b - a +6 ring of intelligence
 n - a ring of wizardry (left hand)
 p - a +4 ring of evasion (right hand)
 H - an amulet of the acrobat (around neck)
 N - a ring of flight
 P - a +6 ring of intelligence
 R - an amulet of reflection
Wands
 t - a wand of mindburst (4)
 v - a wand of iceblast (17)
 y - a wand of polymorph (13)
 J - a wand of acid (6)
 Q - a wand of flame (46)
Scrolls
 d - 3 scrolls of fog
 f - a scroll of magic mapping
 g - 3 scrolls of amnesia
 j - 2 scrolls of teleportation
 k - a scroll of enchant weapon
 u - 2 scrolls of enchant armour
 w - 2 scrolls of vulnerability
 x - 3 scrolls of immolation
 B - 2 scrolls of blinking
 C - a scroll of acquirement
 I - 2 scrolls of identify
 S - a scroll of brand weapon
 U - 2 scrolls of summoning {unknown}
Potions
 a - a potion of magic
 h - 4 potions of heal wounds
 l - 4 potions of haste
 m - 4 potions of curing
 o - 2 potions of attraction
 r - a potion of resistance
 s - 4 potions of flight
 z - 3 potions of brilliance
 A - a potion of invisibility
 G - 2 potions of might
 K - 2 potions of cancellation
 L - a potion of mutation


   Skills:
 + Level 6.0 Fighting
 + Level 9.5 Long Blades
 + Level 2.6 Armour
 + Level 6.0 Dodging
 + Level 13.1 Stealth
 - Level 2.4 Shields
 + Level 9.3 Spellcasting
 + Level 7.1 Conjurations
 + Level 1.0 Summonings
 + Level 2.6 Translocations
 + Level 1.1 Fire Magic
 + Level 4.5 Air Magic
 - Level 4.2 Poison Magic
 + Level 2.8 Evocations


You had 21 spell levels left.
You knew the following spells:

 Your Spells              Type           Power      Damage    Failure   Level
a - Magic Dart            Conj           100%       1d8       1%          1
b - Mephitic Cloud        Conj/Pois/Air  27%        N/A       1%          3
c - Conjure Flame         Conj/Fire      23%        6-21      1%          3
d - Blink                 Tloc           N/A        N/A       1%          2

Your spell library contained the following spells:

 Spells                   Type           Power      Damage    Failure   Level
 Poisonous Vapours        Pois/Air       48%        N/A       1%          2
 Summon Small Mammal      Summ           48%        N/A       2%          1
 Call Imp                 Summ           12%        N/A       3%          2
 Ignite Poison            Fire/Tmut/Pois 14%        N/A       4%          3
 Ensorcelled Hibernation  Hex/Ice        16%        N/A       5%          2
 Slow                     Hex            8%         N/A       5%          2
 Hailstorm                Conj/Ice       21%        3d6       8%          4
 Frozen Ramparts          Ice            16%        1d3       11%         3
 Freezing Cloud           Conj/Ice/Air   11%        6-21      19%         5
 Irradiate                Conj/Tmut      10%        3d17      21%         5
 Summon Ice Beast         Ice/Summ       10%        N/A       26%         4
 Ice Form                 Ice/Tmut       8%         N/A       32%         4
 Petrify                  Tmut/Erth      8%         N/A       32%         4
 Manifold Assault         Tloc           17%        N/A       32%         5
 Silence                  Hex/Air        8%         N/A       34%         5
 Blade Hands              Tmut           4%         N/A       65%         5
 Metabolic Englaciation   Hex/Ice        4%         N/A       65%         5
 Yara's Violent Unravell  Hex/Tmut       4%         3d4       65%         5
 Simulacrum               Ice/Necr       4%         N/A       99%         6
 Statue Form              Tmut/Erth      5%         N/A       99%         6
 Storm Form               Tmut/Air       8%         N/A       100%        7
 Chain Lightning          Conj/Air       14%        3d19      100%        9
 Fire Storm               Conj/Fire      11%        8d3       100%        9


Dungeon Overview and Level Annotations

Branches:
Dungeon (11/15)            Temple (1/1) D:4            Lair (2/6) D:8
 Shoals (0/4) Lair:2
  Snake: Lair:2-4    Spider: Lair:2-4       Orc: D:9-12

Altars:
Ashenzari
Cheibriados
Dithmenos
Elyvilon
Fedhas
Gozag
Hepliaklqana
Kikubaaqudgha
Makhleb
Nemelex Xobeh
Okawaru
Qazlal
Ru
Sif Muna
Trog
Uskayaw
Vehumet
Wu Jian
Xom
Yredelemnul
Zin
The Shining One
Jiyva

Shops:
D:2 ==*[:   D:6 [   D:11 :![

Annotations:
Lair:1 3 runed translucent doors, robertstho's ghost, journeyman DDBe


Innate Abilities, Weirdness & Mutations

Your serpentine skin is tough. (AC +4)
You have supernaturally acute eyesight. (SInv)
Armour fits poorly on your strangely shaped body.
Your system is resistant to poisons. (rPois)
You cover ground very slowly.
You can spit poison.
You can use your snake-like lower body to constrict enemies.


Message History

A merfolk comes into view.
It is wielding a +1 trident of freezing.
You have got your breath back.
Things that are here:
a +0 glaive; a +0 chain mail
Casting: Mephitic Cloud (safe; 1% risk of failure)
Confirm with . or Enter, or press ? or * to list all spells.
Aiming: Mephitic Cloud (safe; 1% risk of failure)
Press: ? - help, Shift-Dir - straight line, f - merfolk
Aim: a merfolk, wielding a +1 trident of freezing (chance to affect: 53%)
The ball explodes into a vile cloud!
The stinking cloud engulfs the merfolk but does no damage.
The merfolk is engulfed in noxious fumes.
Unknown command.
Casting: Mephitic Cloud (safe; 1% risk of failure)
Confirm with . or Enter, or press ? or * to list all spells.
Aiming: Mephitic Cloud (safe; 1% risk of failure)
Press: ? - help, Shift-Dir - straight line, f/p - merfolk
Aim: a merfolk, wielding a +1 trident of freezing (lightly wounded, chance to affect: 53%)
The ball explodes into a vile cloud!
The stinking cloud engulfs the merfolk but does no damage.
The merfolk is lightly wounded.
The merfolk is engulfed in noxious fumes.
The merfolk appears confused.
Unknown command.
Press: ? - help, Shift-Dir - straight line, f/p - merfolk
Aim: a merfolk, wielding a +1 trident of freezing (noxious fumes, lightly wounded, confused)
The splash of poison hits the merfolk but does no damage.
The merfolk is lightly wounded.
The merfolk is engulfed in noxious fumes.
You slash the merfolk! You grab the merfolk.
The merfolk is moderately wounded.
You constrict the merfolk.
You catch the helpless merfolk completely off-guard!
You slash the merfolk!
The merfolk is heavily wounded.
You constrict the merfolk.
The merfolk hits you with a +1 trident of freezing!!
* * * LOW HITPOINT WARNING * * *
The merfolk freezes you!
You die...

....#. ..# P#..##.
...# # P...# # #
#...####. ##
###....=###.##.
######......# #.....
#...m○°°...# ###....
#..@.°○○○..##P......
#....°○°............
#.#.##..............
#####...............
##..............
#..............
#P..............
##..............
................


You could see a merfolk (confused).

Vanquished Creatures
  Gastronok (Lair:1)
  Harold (Lair:2)
  2 hydras (Lair:2)
  2 two-headed ogres
  Pikel (D:8)
  A cyclops (D:11)
  2 merfolk sirens (Lair:2)
  Maurice (D:8)
  5 cane toads (Lair:1)
  2 rime drakes
  A komodo dragon (Lair:2)
  A kobold demonologist (D:11)
  Psyche (D:8)
  2 trolls (D:10)
  A polar bear (Lair:2)
  3 hornets
  A merfolk (Lair:2)
  6 blink frogs
  A spriggan (Lair:2)
  2 shadows
  24 yaks
  3 steam dragons
  2 wyverns
  4 basilisks
  3 wargs (D:8)
  An acid dragon (D:11)
  3 water moccasins
  7 orc warriors
  An ice beast (D:7)
  2 sky beasts
  A black bear (D:5)
  6 centaurs
  6 wolves (Lair:2)
  2 lemures (D:8)
  A phantom (D:6)
  2 kobold brigands
  A gnoll sergeant (D:9)
  A wyvern zombie (D:8)
  4 bullfrogs
  6 scorpions
  3 water moccasin zombies (D:6)
  A wyvern skeleton (D:6)
  3 water moccasin skeletons
  8 killer bees
  13 wights
  2 howler monkeys
  5 bullfrog zombies (D:6)
  2 centaur zombies (D:6)
  4 hounds
  A jelly (D:7)
  11 orc priests
  2 bullfrog skeletons (D:6)
  A centaur skeleton (D:6)
  Jessica (D:2)
  6 iguanas
  18 orc wizards
  2 howler monkey zombies
  3 adders
  7 gnolls
  An ufetubus (D:5)
  3 worms
  2 dart slugs
  38 orcs
  5 bats (D:2)
  7 endoplasms
  A giant cockroach (D:4)
  8 hobgoblins
  4 jackals
  4 quokkas
  3 ball pythons
  2 frilled lizards (D:1)
  3 goblins
  10 kobolds
  7 rats
  A spectral hobgoblin (D:1)
309 creatures vanquished.

Vanquished Creatures (collateral kills)
  A killer bee (D:9)
1 creature vanquished.

Vanquished Creatures (others)
  A killer bee (D:8)
  12 fungi
  12 plants
25 creatures vanquished.

Grand Total: 335 creatures vanquished

Notes
Turn   | Place    | Note
-------+----------+-------------------------------------------
     0 | D:1      | zazu2006 the Naga Hedge Wizard began the quest for the Orb.
     0 | D:1      | Reached XP level 1. HP: 15/15 MP: 4/4
   321 | D:1      | Reached XP level 2. HP: 22/22 MP: 4/6
  1166 | D:1      | Found a faded altar of an unknown god.
  1345 | D:1      | Reached XP level 3. HP: 27/28 MP: 4/8
  1349 | D:1      | Learned a level 3 spell: Mephitic Cloud
  1353 | D:1      | Learned a level 3 spell: Conjure Flame
  1356 | D:1      | Learned a level 2 spell: Blink
  1606 | D:2      | Noticed Jessica
  1606 | D:2      | Found Han Caen's Jewellery Emporium.
  1786 | D:2      | Reached XP level 4. HP: 21/36 MP: 5/10
  2220 | D:2      | Killed Jessica
  2221 | D:2      | Reached XP level 5. HP: 24/42 MP: 4/11
  2444 | D:2      | Found Ogut's Jewellery Emporium.
  2704 | D:2      | Found Aloxaec's Book Shoppe.
  3034 | D:2      | Found Boajism's Antique Armour Boutique.
  3118 | D:2      | Found Megeseh's General Store.
  3208 | D:3      | Found a blossoming altar of Fedhas.
  3692 | D:3      | Found a hazy altar of Hepliaklqana.
  4113 | D:4      | Reached skill level 5 in Spellcasting
  4113 | D:4      | Reached XP level 6. HP: 50/50 MP: 10/13
  4168 | D:4      | Found a shimmering altar of Xom.
  4397 | D:4      | Found a staircase to the Ecumenical Temple.
  4625 | D:4      | Reached skill level 1 in Shields
  4833 | D:4      | Reached skill level 4 in Stealth
  5203 | D:5      | Entered Level 5 of the Dungeon
  5323 | D:5      | Reached skill level 1 in Armour
  5448 | D:5      | Noticed a sky beast
  5474 | D:5      | Killed a sky beast
  5475 | D:5      | Reached XP level 7. HP: 43/56 MP: 7/15
  5717 | D:5      | Reached skill level 1 in Poison Magic
  5730 | D:5      | Reached skill level 1 in Fighting
  5802 | D:5      | Reached skill level 5 in Stealth
  6341 | D:5      | Reached skill level 1 in Air Magic
  6641 | D:6      | Reached XP level 8. HP: 58/64 MP: 5/16
  7862 | D:6      | Reached skill level 6 in Stealth
  8147 | D:6      | Found Aneom's Armour Shoppe.
  8155 | D:6      | Bought a +1 pair of gloves of stealth for 214 gold pieces
  8297 | D:6      | Reached XP level 9. HP: 66/73 MP: 9/18
  8610 | D:6      | Found a stormy altar of Qazlal.
  8785 | Temple   | Entered the Ecumenical Temple
  9302 | D:7      | Reached skill level 5 in Conjurations
  9463 | D:7      | Noticed a hornet
  9464 | D:7      | Reached skill level 7 in Stealth
  9493 | D:7      | Killed a hornet
  9849 | D:7      | Found a white marble altar of Elyvilon.
  9992 | D:7      | Reached skill level 8 in Stealth
 10315 | D:8      | Found a staircase to the Lair.
 10318 | D:8      | Noticed Psyche
 10352 | D:8      | Reached XP level 10. HP: 79/84 MP: 6/21
 10379 | D:8      | Reached skill level 1 in Evocations
 10395 | D:8      | Reached skill level 1 in Long Blades
 10782 | D:8      | Noticed Maurice
 10799 | D:8      | Killed Maurice
 10925 | D:8      | Reached skill level 9 in Stealth
 11514 | D:8      | Killed Psyche
 12189 | D:9      | Noticed Pikel
 12286 | D:8      | Killed Pikel
 12477 | D:8      | Reached XP level 11. HP: 65/92 MP: 17/23
 12631 | Temple   | Became a worshipper of Warmaster Okawaru
 12765 | D:9      | Reached skill level 5 in Dodging
 12787 | D:9      | Reached skill level 5 in Long Blades
 12840 | D:9      | Found a shadowy altar of Dithmenos.
 13352 | D:9      | Found a broken altar of Ashenzari.
 13354 | D:9      | Found a glowing silver altar of Zin.
 13358 | D:9      | Found an opulent altar of Gozag.
 13358 | D:9      | Found an ornate altar of the Wu Jian Council.
 13443 | D:9      | Found a radiant altar of Vehumet.
 13454 | D:9      | Found an ancient bone altar of Kikubaaqudgha.
 13467 | D:9      | Found a shimmering blue altar of Sif Muna.
 13482 | D:9      | Got Sif Muna's Compendium of Companions
 13585 | D:9      | Got Sif Muna's Catalogue of Beguiling
 14570 | D:10     | Entered Level 10 of the Dungeon
 14604 | D:10     | Reached skill level 10 in Stealth
 14607 | D:10     | Reached * piety under Okawaru
 14680 | D:10     | Noticed a two-headed ogre
 15254 | D:10     | Killed a two-headed ogre
 15254 | D:10     | Reached ** piety under Okawaru
 16048 | D:11     | Found Zokeargh's Armour Shop.
 16203 | D:11     | Found Deotu's Distillery.
 16212 | D:11     | Bought a potion of degeneration for 12 gold pieces
 16215 | D:11     | Identified a scroll of acquirement
 16275 | D:11     | Reached skill level 5 in Fighting
 16664 | D:11     | Noticed a two-headed ogre
 16697 | D:11     | Killed a two-headed ogre
 16697 | D:11     | Reached *** piety under Okawaru
 16986 | D:11     | Noticed a cyclops
 17005 | D:11     | Killed a cyclops
 17006 | D:11     | Reached skill level 11 in Stealth
 17059 | D:11     | Found Tidoot Xilui's Book Shoppe.
 17063 | D:11     | Noticed an eight-headed hydra
 17169 | Lair:1   | Entered Level 1 of the Lair of Beasts
 17245 | Lair:1   | Reached XP level 12. HP: 89/103 MP: 8/24
 17257 | Lair:1   | Reached **** piety under Okawaru
 17519 | Lair:1   | Reached skill level 12 in Stealth
 17557 | Lair:1   | Found a runed translucent gate.
 17558 | Lair:1   | Found a runed translucent gate.
 17568 | Lair:1   | Found a runed translucent gate.
 17571 | Lair:1   | Found a viscous altar of Jiyva.
 17571 | Lair:1   | Noticed robertstho's ghost (journeyman DDBe)
 17853 | Lair:1   | Got the Volume of the Hot Ocelot
 17934 | Lair:1   | Noticed Gastronok
 17968 | Lair:1   | Killed Gastronok
 18549 | Lair:2   | Reached skill level 1 in Fire Magic
 18636 | Lair:2   | Reached ***** piety under Okawaru
 18659 | Lair:2   | Received a gift from Okawaru
 18823 | Lair:2   | Noticed a seven-headed hydra
 18979 | Lair:2   | Killed a seven-headed hydra
 19227 | Lair:2   | Found a staircase to the Shoals.
 19336 | Lair:2   | Noticed a four-headed hydra
 19373 | Lair:2   | Killed a four-headed hydra
 20085 | Lair:2   | Noticed Harold
 20121 | Lair:2   | Killed Harold
 20122 | Lair:2   | Reached skill level 13 in Stealth
 20122 | Lair:2   | Gained mutation: You can use your snake-like lower body to
                  | constrict enemies. [Naga growth]
 20122 | Lair:2   | Reached XP level 13. HP: 25/111 MP: 19/26
 20130 | Lair:2   | HP: 5/111 [merfolk (23)]
 20130 | Lair:2   | Mangled by a merfolk

Illustrated notes

Levels and vault maps discovered:
D:1:      dpeg_arrival_three_same_balls, layout_basic,
          dreamdust_ecumenical_altar_drowned_temple
D:2:      layout_basic, serial_shops, nicolae_shop_crystal,
          nicolae_diamond_shop, nicolae_diamond_shop, nicolae_shop_waterfront,
          nicolae_shop_trees, uniq_jessica
D:3:      layout_rooms, fedhas_altar_1, mainiacjoe_overflow_tiny_flanked,
          dk_noncrumbling_4, chequers_big_river
D:4:      layout_basic, lemuel_doored_altar, minmay_temple_entry_junction
D:5:      layout_loops_corners
D:6:      layout_cave_pools, nicolae_qazlal_general_emergency, serial_undead,
          serial_undead_d, serial_undead_b, serial_undead_b, serial_undead_d,
          serial_undead_a, serial_undead_e, serial_shops, shop
D:7:      layout_basic, elyvilon_altar_1
D:8:      layout_loops_ring, erik_lair_orcish_takeover,
          roderic_nine_men_s_morris, wad_rectangle_vault, uniq_maurice,
          uniq_psyche
D:9:      layout_roguey, palyth_temple_overflow_mages, grunt_dithmenos_shadows,
          grunt_temple_overflow_open, uniq_pikel
D:10:     layout_rooms
D:11:     layout_basic, serial_shops, nicolae_take_the_stairs, shop,
          nicolae_shop_trees
Temple:   kb_temple_of_zot
Lair:1:   layout_long_grid, gammafunk_ghost_ooze, lemuel_fruit_fields,
          uniq_gastronok
Lair:2:   layout_small_grid, elwin_shoals_entry_stream,
          grunt_forest_large_clearing_hut, serial_bayou_shore_b,
          grunt_megastairs_1, uniq_harold

Skill      XL: |  1  2  3  4  5  6  7  8  9 10 11 12 |
---------------+-------------------------------------+-----
Dodging        | 2 3 4 5 6 |  6.0
Spellcasting   | 4 5 6 7 8 9 |  9.3
Conjurations   | 2 3 4 5 6 7 |  7.1
Shields        | 1 2 |  2.4
Stealth        | 4 5 6 8 9 11 13 | 13.1
Armour         | 1 2 |  2.6
Poison Magic   | 1 2 3 4 |  4.2
Fighting       | 1 3 4 5 6 |  6.0
Air Magic      | 1 2 3 4 |  4.5
Evocations     | 2 |  2.8
Long Blades    | 4 7 9 |  9.5
Translocations | 2 |  2.6
Fire Magic     | 1 |  1.1
Summonings     | |  1.0

Action                   |  1- 3 |  4- 6 |  7- 9 | 10-12 | 13-15 || total
-------------------------+-------+-------+-------+-------+-------++-------
Melee: Dagger            |     9 |    55 |   229 |       |       ||   293
       Long sword        |       |       |     9 |   278 |     2 ||   289
       Scimitar          |       |       |       |   391 |       ||   391
       Constrict         |       |       |       |       |     1 ||     1
Throw: Dart              |     3 |     5 |     3 |    16 |       ||    27
 Cast: Magic Dart        |    59 |   126 |   234 |   134 |       ||   553
       Mephitic Cloud    |       |     7 |    31 |    75 |     2 ||   115
       Conjure Flame     |       |       |     3 |    16 |       ||    19
       Blink             |       |       |       |    12 |       ||    12
 Abil: Spit Poison       |    10 |    13 |    18 |    40 |     1 ||    82
Evoke: Wand              |       |       |    10 |    29 |       ||    39
  Use: Potion            |       |     1 |       |     1 |       ||     2
       Scroll            |       |       |       |    25 |       ||    25
 Stab: Confused          |       |     6 |    23 |    74 |     1 ||   104
       Sleeping          |       |     2 |     1 |    11 |       ||    14
Armor: Robe              |     7 |    15 |       |       |       ||    22
       Leather armour    |       |     3 |    74 |       |       ||    77
       Steam dragon scal |       |       |    17 |   129 |       ||   146
Dodge: Dodged            |    13 |    49 |   201 |   485 |       ||   748
Block: Buckler           |       |       |    82 |   189 |       ||   271
       Rpst.: Long sword |       |       |     4 |    62 |       ||    66
       Scimitar          |       |       |       |    66 |       ||    66

Table legend: (Time is in decaauts)
 A = Elapsed time spent in this place.
 B = Non-inter-level travel time spent in this place.
 C = Inter-level travel time spent in this place.
 D = Time resting spent in this place.
 E = Time spent auto-exploring this place.
 F = Levels seen in this place.
 G = Mean time per level.
                   A        B        C        D        E       F      G
               +--------+--------+--------+--------+--------+-----+--------+
         Total |  24159 |  22141 |   2018 |   2659 |  15480 |  14 | 1725.6 |
       Dungeon |  20356 |  18498 |   1858 |   2019 |  13159 |  11 | 1850.5 |
        Temple |    276 |    157 |    119 |      0 |    128 |   1 |  276.0 |
          Lair |   3526 |   3486 |     40 |    640 |   2192 |   2 | 1763.0 |
               +--------+--------+--------+--------+--------+-----+--------+

Top non-repeatable levels by time:
     D:8: 2865 daAuts
     D:1: 2497 daAuts
     D:5: 2366 daAuts
     D:9: 2082 daAuts
     D:6: 2024 daAuts
  Lair:2: 1969 daAuts
     D:2: 1740 daAuts
     D:4: 1597 daAuts
     D:7: 1566 daAuts
  Lair:1: 1557 daAuts
    D:11: 1293 daAuts
     D:3: 1180 daAuts
    D:10: 1144 daAuts
  Temple: 276 daAuts
